 Dungeon Crawl Stone Soup version 0.30.0-17-ge0270778cf (webtiles) character file.

Game seed: 4561449780305623598

2562 Atelerd the Digger (level 9, 0/53 HPs)
             Began as an Octopode Earth Elementalist on May 21, 2023.
             Slain by a quasit (1 damage)
             ... summoned by a kobold demonologist
             ... on level 6 of the Dungeon.
             The game lasted 00:08:28 (5646 turns).

Atelerd the Digger (Octopode Earth Elementalist)    Turns: 5646, Time: 00:08:29

Health: 0/53       AC:  1    Str:  7    XL:     9   Next: 56%
Magic:  10/19      EV: 19    Int: 21    God:
Gold:   320        SH:  0    Dex: 19    Spells: 17/22 levels left

rFire   + . .        c - +2 dagger (venom)
rCold   . . .        (no shield)
rNeg    + + +        (helmet restricted)
rPois   .            (no amulet)
rElec   .            m - ring of positive energy
rCorr   .            o - +6 ring of dexterity
SInv    .            p - ring of positive energy
Will    .....        n - ring of positive energy
Stlth   +++++        D - +5 ring of evasion
HPRegen 0.28/turn    r - ring of protection from fire
MPRegen 0.16/turn    (no ring)
                     (no ring)

%: no passive effects
@: no status effects
A: almost no armour, amphibious, 8 rings, camouflage 1, gelatinous body 1,
(nimble swimmer 1), tentacles
a: no special abilities


You were on level 6 of the Dungeon.
You visited 1 branch of the dungeon, and saw 6 of its levels.

You collected 320 gold pieces.

Inventory:

Hand Weapons
 c - a +2 dagger of venom (weapon)
Jewellery
 m - a ring of positive energy (left tentacle)
 n - a ring of positive energy (on tentacle)
 o - a +6 ring of dexterity (right tentacle)
 p - a ring of positive energy (on tentacle)
 r - a ring of protection from fire (on tentacle)
 D - a +5 ring of evasion (on tentacle)
Wands
 q - a wand of flame (9)
 x - a wand of polymorph (32)
 A - a wand of acid (2)
Scrolls
 b - 5 scrolls of noise {unknown}
 f - 2 scrolls of vulnerability {unknown}
 i - a scroll of fear {unknown}
 k - a scroll of enchant armour {unknown}
 l - 3 scrolls of identify {unknown}
 s - 2 scrolls of teleportation {unknown}
 w - a scroll of magic mapping {unknown}
 y - a scroll of acquirement {unknown}
 z - a scroll of immolation {unknown}
 E - a scroll of brand weapon {unknown}
Potions
 a - 2 potions of magic
 d - 2 potions of lignification
 e - a potion of haste {unknown}
 g - 2 potions of curing
 h - 2 potions of berserk rage {unknown}
 j - 2 potions of brilliance {unknown}
 t - a potion of mutation {unknown}
 u - a potion of flight {unknown}
 v - 3 potions of invisibility
 B - a potion of attraction {unknown}
 C - 2 potions of heal wounds {unknown}


   Skills:
 - Level 1.0 Fighting
 - Level 1.0 Short Blades
 - Level 3.0 Dodging
 + Level 7.8 Stealth
 + Level 7.2 Spellcasting
 - Level 4.0 Transmutations
 + Level 7.8 Earth Magic


You had 17 spell levels left.
You knew the following spells:

 Your Spells              Type           Power      Damage    Failure   Level
a - Sandblast             Erth           80%        2d17      1%          1
p - Petrify               Tmut/Erth      32%        N/A       8%          4

Your spell library contained the following spells:

 Spells                   Type           Power      Damage    Failure   Level
 Passwall                 Tmut/Erth      26%        N/A       1%          2
 Stone Arrow              Conj/Erth      48%        3d10      5%          3
 Magic Dart               Conj           28%        1d4       9%          1
 Searing Ray              Conj           14%        2d5       13%         2
 Fulminant Prism          Conj/Hex       3%         3d5       65%         4


Dungeon Overview and Level Annotations

Branches:
Dungeon (6/15)
 Temple: D:4-7

Altars:
Ashenzari
Fedhas
Kikubaaqudgha

Shops:
D:5 *

Annotations:
D:3 exclusion: downstairs
D:4 Natasha
D:5 exclusion: 2 downstairs


Innate Abilities, Weirdness & Mutations

You cannot wear most types of armour.
You are amphibious.
You can wear up to eight rings at the same time.
Your skin changes colour to match your surroundings (Stealth+).
Your rubbery body absorbs attacks. (AC +1, EV +1)
((You are camouflaged when in or above water. (Stealth+)))
You have tentacles for arms and can constrict up to eight enemies at once.


Message History

A kobold demonologist comes into view. It is wielding a +0 mace.
You can't see any susceptible monsters within range! (Use Z to cast anyway.)
You can't see any susceptible monsters within range! (Use Z to cast anyway.)
A kobold demonologist is nearby!
Casting: Sandblast (safe; 1% risk of failure)
Confirm with . or Enter, or press ? or * to list all spells.
Aiming: Petrify (dangerous; 8% risk of failure)
Press: ? - help, Shift-Dir - straight line, f - kobold demonologist
Aim: a kobold demonologist, wielding a +0 mace and wearing a +0 robe (wandering, hasn't noticed you, chance to affect: 44%)
The kobold demonologist shouts!
The kobold demonologist resists with some effort.
Unknown command.
Casting: Petrify (dangerous; 8% risk of failure)
Confirm with . or Enter, or press ? or * to list all spells.
Aiming: Petrify (dangerous; 8% risk of failure)
Press: ? - help, Shift-Dir - straight line, f/p - kobold demonologist
Aim: a kobold demonologist, wielding a +0 mace and wearing a +0 robe (chance to affect: 44%)
The kobold demonologist is moving more slowly.
The kobold demonologist mumbles some strange words.
Unknown command.
Unknown command.
Found a ring mail.
The kobold demonologist gestures wildly while chanting.
The quasit misses you. The quasit closely misses you. The quasit claws you.
The sixfirhy misses you. The ufetubus closely misses you.
The ufetubus misses you.
The kobold demonologist looks braver for a moment.
You barely miss the sixfirhy. Your grab misses the sixfirhy.
You squeeze the sixfirhy!
The sixfirhy is lightly wounded.
The sixfirhy hits you! The sixfirhy shocks you! The sixfirhy barely misses you.
The sixfirhy hits you. The sixfirhy shocks you! The quasit barely misses you.
The quasit claws you. The quasit closely misses you.
The ufetubus misses you. x2
The sixfirhy hits you!
* * * LOW HITPOINT WARNING * * *
The sixfirhy shocks you!
* * * LOW HITPOINT WARNING * * *
The quasit completely misses you. The quasit closely misses you.
The quasit claws you.
You die...

[..## #.#..#
.....##)...#
......#)##.##.#
.......).÷....#
..###..)##.####
....)..).#.#
...#.......####
### ..
#.###......#.....
. #....÷...@5..#
[....#....553..#
.###
#)###.......# #.
......### !.
#....K... ###
#.###..### #. ..#
[. ..#


You could see a kobold demonologist (petrifying), a sixfirhy (summoned), a
quasit (summoned), a crimson imp (summoned) and an ufetubus (summoned).

Vanquished Creatures
  Pikel (D:4)
  Grinder (D:4)
  A shadow (D:6)
  Sigmund (D:4)
  Menkaure (D:6)
  A sky beast (D:6)
  An ice beast (D:5)
  2 black bears (D:5)
  An ogre (D:5)
  2 phantoms (D:6)
  A bullfrog (D:6)
  2 scorpions (D:6)
  A howler monkey (D:6)
  6 hounds
  An orc priest (D:4)
  A jelly (D:6)
  3 iguanas
  A sleepcap (D:4)
  Ijyb (D:4)
  2 orc wizards
  Natasha (D:4)
  Robin (D:2)
  5 gnolls
  5 adders
  2 white imps
  2 worms
  A dart slug (D:5)
  22 orcs
  2 ball pythons (D:1)
  9 endoplasms
  3 giant cockroaches
  11 goblins
  8 hobgoblins
  3 quokkas
  3 bats
  3 frilled lizards
  5 kobolds
  A rat (D:1)
118 creatures vanquished.

Vanquished Creatures (others)
  A goblin (D:2)
1 creature vanquished.

Grand Total: 119 creatures vanquished

Notes
Turn   | Place    | Note
-------+----------+-------------------------------------------
     0 | D:1      | Atelerd the Octopode Earth Elementalist began the quest for
                  | the Orb.
     0 | D:1      | Reached XP level 1. HP: 11/11 MP: 3/3
   343 | D:1      | Reached XP level 2. HP: 14/17 MP: 5/5
  1035 | D:2      | Reached XP level 3. HP: 21/21 MP: 2/6
  1149 | D:2      | Reached XP level 4. HP: 25/27 MP: 4/7
  1417 | D:2      | Noticed Robin
  1442 | D:2      | Killed Robin
  2190 | D:3      | Found a broken altar of Ashenzari.
  2268 | D:3      | Found a faded altar of an unknown god.
  2486 | D:3      | Reached XP level 5. HP: 30/31 MP: 8/8
  2491 | D:3      | Learned a level 4 spell: Petrify
  2681 | D:4      | Noticed Grinder
  2681 | D:4      | Found an ancient bone altar of Kikubaaqudgha.
  2752 | D:4      | Noticed Natasha
  2755 | D:4      | Killed Natasha
  2923 | D:4      | Found a blossoming altar of Fedhas.
  2933 | D:4      | Paralysed by Grinder for 4 turns
  2938 | D:4      | Paralysed by Grinder for 2 turns
  2949 | D:4      | Killed Grinder
  2950 | D:4      | Reached skill level 1 in Fighting
  2950 | D:4      | Reached skill level 1 in Short Blades
  2950 | D:4      | Reached skill level 5 in Stealth
  2950 | D:4      | Reached XP level 6. HP: 19/38 MP: 1/10
  3266 | D:4      | Reached XP level 7. HP: 43/43 MP: 11/11
  3289 | D:4      | Noticed Ijyb
  3348 | D:4      | Killed Ijyb
  3382 | D:4      | Noticed Sigmund
  3510 | D:5      | Entered Level 5 of the Dungeon
  3510 | D:5      | Found Cikulaf's Overcharged Wands.
  3863 | D:4      | Killed Sigmund
  3864 | D:4      | Reached skill level 5 in Earth Magic
  3920 | D:4      | Noticed Pikel
  3929 | D:4      | Killed Pikel
  3930 | D:4      | Reached XP level 8. HP: 48/48 MP: 4/14
  4254 | D:4      | Noticed Natasha
  4412 | D:5      | Reached skill level 5 in Spellcasting
  4845 | D:5      | Identified the +4 ring mail of the Mind {Str+4 Slay-4}
  5152 | D:6      | Reached XP level 9. HP: 53/53 MP: 18/18
  5153 | D:6      | Noticed a two-headed ogre
  5318 | D:6      | Noticed Menkaure
  5334 | D:6      | Killed Menkaure
  5640 | D:6      | Noticed a kobold demonologist
  5645 | D:6      | Noticed a sixfirhy
  5646 | D:6      | HP: 1/53 [sixfirhy[a kobold demonologist] (12)]
  5646 | D:6      | Slain by a quasit

Illustrated notes

Levels and vault maps discovered:
D:1:      saegor_arrival_simple_b, layout_loops_corners, serial_glass,
          glass_columns_a, glass_columns_a, feat_on_display,
          supply_closet_lemuel
D:2:      layout_basic, uniq_robin
D:3:      layout_basic, nicolae_ashenzari_skybound,
          chequers_ecumenical_altar_lobes
D:4:      layout_basic, grunt_temple_overflow_growth_and_decay, uniq_pikel,
          uniq_natasha, uniq_grinder, uniq_ijyb, uniq_sigmund
D:5:      layout_cave_pools, nicolae_shop_overcharged_wands
D:6:      hangedman_cross_stitches, layout_loops_cross,
          overflow_temple_1_default, zin_statuary, grunt_decor_junction,
          uniq_menkaure

Skill      XL: |  1  2  3  4  5  6  7  8  9 |
---------------+----------------------------+-----
Stealth        | 3 4 5 6 7 |  7.8
Transmutations | 2 3 4 |  4.0
Earth Magic    | 4 6 7 |  7.8
Fighting       | 1 |  1.0
Short Blades   | 1 |  1.0
Dodging        | 3 |  3.0
Spellcasting   | 3 4 6 7 |  7.2

Action                     |  1- 3 |  4- 6 |  7- 9 || total
---------------------------+-------+-------+-------++-------
  Melee: Dagger            |    19 |    32 |    24 ||    75
         Tentacles         |     4 |    12 |     6 ||    22
         Constrict         |     4 |     9 |     4 ||    17
         Punch             |       |       |     1 ||     1
         Unarmed           |       |       |     8 ||     8
   Cast: Sandblast         |    19 |    35 |    87 ||   141
         Petrify           |       |     1 |    22 ||    23
  Evoke: Wand              |       |    12 |     7 ||    19
    Use: Potion            |       |     2 |       ||     2
   Stab: Sleeping          |     2 |     6 |     3 ||    11
         Petrified         |       |       |    10 ||    10
 Armour: Skin              |     2 |     7 |     3 ||    12
  Dodge: Dodged            |    10 |    27 |    61 ||    98
